 Dungeon Crawl Stone Soup version 0.17-a0-2127-g1cb09f6 (webtiles) character file.

125587 axujen the Sharpshooter (level 17, -4/104 HPs)
             Began as a Kobold Berserker on Oct 22, 2015.
             Was a High Priest of Trog.
             Slain by a seven-headed hydra (6 damage)
             ... on level 3 of the Swamp on Oct 23, 2015.
             The game lasted 02:28:31 (43616 turns).

axujen the Sharpshooter (Kobold Berserker)         Turns: 43616, Time: 02:28:31

Health: -4/104     AC: 24    Str: 17      XL:     17   Next: 51%
Magic:  8/8        EV: 18    Int: 11 (12) God:    Trog [*****.]
Gold:   2815       SH:  0    Dex: 21      Spells: 0 memorised, 16 levels left

rFire  . . .     SeeInvis .     w - +11 mace of Soomer {elec, rElec MP-9 Str+2 Dex+3}
rCold  + . .     Clarity  .     S - +4 plate armour "Wierazadgh" {*Corrode Int+2 Slay+2}
rNeg   . . .     SustAt   .     (shield restricted)
rPois  +         Gourm    .     B - +0 helmet
rElec  +         Spirit   .     u - +0 cloak
rCorr  +         Warding  .     T - +0 pair of gloves
rMut   .         Stasis   .     t - +0 pair of boots
MR     +....                    Z - amulet of resist corrosion
Stlth  ..........               N - ring of protection from cold
                                F - ring of poison resistance

@: exhausted, about to teleport, slowed, very slow, somewhat resistant to
hostile enchantments, extremely unstealthy
A: carnivore 3
a: Berserk, Trog's Hand, Brothers in Arms, Burn Spellbooks, Renounce Religion


You were on level 3 of the Swamp.
You worshipped Trog.
Trog was extremely pleased with you.
You were not hungry.

You visited 5 branches of the dungeon, and saw 30 of its levels.
You also visited: Ossuary and Volcano.

You collected 3949 gold pieces.
You spent 1134 gold pieces at shops.

Inventory:

Hand Weapons
 h - the +6 war axe of Irritation {vamp, Dex+2}
   (You found it on level 6 of the Lair of Beasts)

   It inflicts no extra harm, but heals its wielder somewhat when it strikes a
   living foe.
   It affects your dexterity (+2).
 q - the +12 arbalest of Putrescence {velocity, rC+}
   (Trog gifted it to you on level 4 of the Lair of Beasts)

   Any bolt fired from it inflicts extra damage.
   It protects you from cold.
 w - the +11 mace of Soomer (weapon) {elec, rElec MP-9 Str+2 Dex+3}
   (Trog gifted it to you on level 9 of the Dungeon)

   Occasionally, upon striking a foe, it will discharge some electrical energy
   and cause terrible harm.
   It affects your strength (+2).
   It affects your dexterity (+3).
   It insulates you from electricity.
   It affects your magic capacity (-9).
Missiles
 m - 144 bolts
 r - 344 stones (quivered)
 E - 13 bolts of frost
 O - 17 poisoned bolts
 V - 26 steel bolts
 Y - 34 bolts of flame
Armour
 t - a +0 pair of boots (worn)
 u - a +0 cloak (worn)
 x - a +0 hat of magic resistance
 B - a +0 helmet (worn)
 K - a swamp dragon hide
 S - the +4 plate armour "Wierazadgh" (worn) {*Corrode Int+2 Slay+2}
   (You bought it in a shop on level 9 of the Dungeon)

   It affects your intelligence (+2).
   It affects your accuracy and damage with ranged weapons and melee attacks
   (+2).
   It may corrode your equipment when you take damage.
 T - a +0 pair of gloves (worn)
 W - a +2 chain mail of fire resistance
Jewellery
 v - an uncursed amulet of stasis
 F - a ring of poison resistance (left hand)
 G - an uncursed ring of protection from magic
 N - a ring of protection from cold (right hand)
 P - an uncursed ring of sustain attributes
 U - an uncursed ring of ice
 Z - an amulet of resist corrosion (around neck)
Wands
 I - a wand of teleportation (8)
Scrolls
 i - 5 scrolls of remove curse
 o - a scroll of teleportation
 y - 5 scrolls of magic mapping
 A - 13 scrolls of identify
Potions
 d - a potion of magic
 l - 7 potions of might
 p - 11 potions of curing
 C - 4 potions of haste
 H - a potion of berserk rage
 J - 2 potions of invisibility
 L - a potion of flight
 M - a potion of resistance
 Q - a potion of brilliance
Books
 X - a book of Power

   Spells                             Type                      Level
   a - Fulminant Prism                Conjuration/Hexes            4
   b - Iskenderun's Mystic Blast      Conjuration                  4
   c - Venom Bolt                     Conjuration/Poison           5
   d - Bolt of Magma                  Conjuration/Fire/Earth       5
   e - Iron Shot                      Conjuration/Earth            6
   f - Orb of Destruction             Conjuration                  7
   g - Spellforged Servitor           Conjuration/Summoning        7
   Trog disapproves of the use of such an item.
Comestibles
 c - 9 meat rations
 D - a royal jelly
 R - a beef jerky


   Skills:
 - Level 11.1 Fighting
 - Level 14.7 Maces & Flails
 - Level 18.2 Crossbows
 + Level 10.5 Armour
 - Level 15.8 Dodging


You had 16 spell levels left.
You didn't know any spells.

Dungeon Overview and Level Annotations

Branches:
Dungeon (13/15)            Temple (0/1) D:4            Lair (8/8) D:9
  Swamp (4/4) Lair:4       Spider (1/4) Lair:4        Slime (0/6) Lair:7
    Orc (4/4) D:9             Elf (0/3) Orc:4        Vaults (0/5) D:13

Altars:
Dithmenos
Makhleb
Okawaru
Ru
Xom
Yredelemnul
Beogh
Jiyva

Shops:
D:9 [   D:10 !   Orc:4 *(%*

Annotations:
D:9 Erolcha
D:12 Sonja
D:13 Kirke


Innate Abilities, Weirdness & Mutations

You are small and have problems with some larger weapons.
You are carnivorous and can eat meat at any time.


Message History

The seven-headed hydra closely misses you.
The blink frog completely misses you.
You feel your anger subside.
You are no longer berserk.
You are exhausted.
You feel yourself slow down.
Unknown command.
Read which item? (? for menu, Esc to quit)
As you read the scroll of teleportation, it crumbles to dust.
You feel strangely unstable.
The blink frog hits you but does no damage.
The blink frog misses you.
The seven-headed hydra closely misses you.
The seven-headed hydra bites you.
* * * LOW HITPOINT WARNING * * *
The seven-headed hydra completely misses you.
The seven-headed hydra barely misses you.
The seven-headed hydra bites you but does no damage.
The seven-headed hydra bites you.
You die...

.♣.§≈≈≈§≈≈...≈≈♣ ♣..≈♣♣≈≈≈.≈.≈≈≈.
≈≈.≈...<..≈♣♣♣♣♣ ♣♣.≈♣♣♣§..≈≈≈≈≈.
..≈..≈..≈≈.♣ ♣≈.≈♣♣♣♣♣♣...≈≈.
≈.≈≈...≈≈≈.♣♣♣♣♣♣♣≈≈.≈♣♣§♣♣.§...♣
≈≈≈≈≈≈≈≈≈.≈♣♣.>≈♣♣♣♣..≈≈.♣♣.≈≈.♣♣
≈...≈≈.≈♣♣≈♣≈.≈)♣♣ ♣≈≈.≈...≈≈≈≈♣
≈≈....≈♣♣♣≈≈≈....♣♣♣≈≈≈......♣♣♣
≈≈..≈≈≈♣ ♣♣≈≈≈≈FDD♣♣..≈≈≈≈.♣♣♣
≈≈≈≈♣♣♣♣ ♣.≈≈≈.K.≈♣.≈≈≈≈≈≈≈♣
♣≈≈.♣♣♣♣ ♣..≈♣♣♣♣♣♣≈≈≈≈≈≈≈.♣
♣♣.♣♣..♣ ♣♣≈(♣ ♣.≈≈≈≈≈≈♣♣ ♣≈.[>.♣
♣♣♣♣ ♣≈♣≈≈≈≈.♣ ♣♣♣♣♣♣♣ ♣§♣.≈..♣♣
♣♣♣♣...≈♣ ♣...≈♣ ♣♣♣≈.♣ ♣♣♣♣


You could see 2 seven-headed hydras and a blink frog.

Vanquished Creatures
  Jorgrun (Swamp:2)
  Gastronok (Lair:1)
  Donald (Spider:1)
  Maud (Lair:4)
  Fannar (D:10)
  15 hydras
  Harold (D:10)
  A ghost crab (Swamp:2)
  Erica (D:9)
  5 alligators
  A queen ant (Spider:1)
  6 death yaks (Lair:5)
  A deep elf knight (Orc:4)
  Urug (D:11)
  5 swamp dragons
  A spriggan druid (Swamp:3)
  3 shambling mangroves
  An unseen horror (D:12)
  4 hill giants
  Pikel (D:4)
  A necromancer (D:13)
  An orb spider (Spider:1)
  7 orc knights
  An orc sorcerer (Orc:2)
  An ugly thing (D:12)
  A cyclops (D:8)
  2 hornets
  6 wolf spiders
  10 slime creatures
  16 elephants
  Maurice (D:12)
  A guardian serpent (Lair:8)
  24 spiny frogs
  14 black mambas
  3 centaur skeletons
  The ghost of emiel the Chopper, a novice FoGl of Makhleb (Ossuary)
  7 komodo dragons
  3 fire drakes
  A troll (D:11)
  4 demonic crawlers
  3 giant leeches
  4 polar bears
  A two-headed ogre (D:13)
  5 jumping spiders
  3 bog bodies
  37 blink frogs
  2 shadows
  2 vampires (Volcano)
  14 redbacks
  2 deep elf magi
  2 flying skulls (Volcano)
  A hog (D:12)
  10 spriggans
  3 trapdoor spiders
  39 yaks
  5 basilisks
  4 wyverns
  3 tarantellas (Spider:1)
  A human (D:7)
  9 vampire mosquitoes
  3 wraiths
  Grum (D:9)
  9 hippogriffs
  A deep elf fighter (D:9)
  3 hungry ghosts
  15 swamp worms
  Menkaure (Volcano)
  2 hill giant skeletons (Volcano)
  26 soldier ants (Spider:1)
  23 water moccasins
  Edmund (D:4)
  7 insubstantial wisps
  4 wargs
  37 orc warriors
  13 wolves
  18 spiders
  4 swamp drakes
  7 porcupines
  4 phantoms
  A black bear (D:7)
  17 wasps
  4 ice beasts
  3 sky beasts
  5 ogres
  An eye of draining (D:10)
  2 manticore skeletons (Volcano)
  3 slaves (D:4)
  9 centaurs
  15 crocodiles
  18 giant frogs
  A wyvern skeleton (D:6)
  A water moccasin skeleton (D:7)
  9 scorpions
  Dowan (D:4)
  A troll skeleton (Volcano)
  8 electric eels
  11 killer bees
  A spriggan skeleton (Volcano)
  5 crimson imps
  4 giant frog zombies
  4 hounds
  A quasit (D:7)
  6 centaur zombies
  18 orc priests
  4 jellies
  A giant frog skeleton (D:12)
  A human zombie (Ossuary)
  Terence (D:3)
  24 worker ants
  Natasha (twice) (D:4)
  9 iguanas
  19 orc wizards
  30 sheep
  A killer bee zombie (D:7)
  2 big kobold zombies (Ossuary)
  2 naga skeletons (Volcano)
  2 ogre skeletons (Volcano)
  6 mummies
  2 worker ant zombies (D:5)
  7 gnolls
  2 scorpion zombies (Ossuary)
  25 adders
  81 river rats
  4 shadow imps
  3 oozes
  An adder zombie (D:5)
  5 worms (D:2)
  3 adder skeletons
  184 orcs
  3 ball pythons
  14 bats
  5 giant cockroaches
  3 gnoll zombies (Ossuary)
  8 goblins
  7 hobgoblins
  7 jackals
  6 quokkas
  2 giant cockroach zombies
  6 giant geckos
  A giant gecko zombie (D:5)
  5 giant newts
  2 goblin zombies (Ossuary)
  A hobgoblin zombie (Ossuary)
  A jackal zombie (D:9)
  2 kobolds
  3 kobold zombies (Ossuary)
  2 orc zombies (Ossuary)
  A quokka skeleton (D:5)
  A quokka zombie (D:5)
  13 rats
  14 fungi
  6 plants
1169 creatures vanquished.

Vanquished Creatures (collateral kills)
  Rupert (Orc:3)
  Josephine (D:10)
  3 wraiths (D:10)
  A sheep (Lair:5)
  A giant gecko (D:10)
  An orc (Orc:3)
  A plant (Lair:5)
9 creatures vanquished.

Vanquished Creatures (others)
  A spriggan druid (Swamp:2)
  A bog body (Swamp:2)
  A jumping spider (Spider:1)
  Duvessa (D:4)
  A scorpion (Ossuary)
  Natasha (D:4)
  28 fungi
  20 plants
54 creatures vanquished.

Grand Total: 1232 creatures vanquished

Notes
Turn   | Place    | Note
--------------------------------------------------------------
     0 | D:1      | axujen the Kobold Berserker began the quest for the Orb.
     0 | D:1      | Reached XP level 1. HP: 14/14 MP: 1/1
   705 | D:1      | Reached XP level 2. HP: 19/19 MP: 2/2
  1017 | D:2      | Reached skill level 4 in Maces & Flails
  1017 | D:2      | Reached XP level 3. HP: 23/23 MP: 3/3
  1252 | D:2      | Reached XP level 4. HP: 28/28 MP: 4/4
  1315 | D:2      | Reached ** piety under Trog
  1504 | D:2      | Reached skill level 5 in Maces & Flails
  1543 | D:2      | Reached XP level 5. HP: 4/32 MP: 5/5
  1845 | D:2      | Found a shimmering altar of Xom.
  2374 | D:3      | Noticed Terence
  2395 | D:3      | Killed Terence
  2395 | D:3      | Reached skill level 6 in Maces & Flails
  2518 | D:3      | Reached XP level 6. HP: 37/37 MP: 6/6
  2911 | D:3      | Reached skill level 7 in Maces & Flails
  2920 | D:3      | Reached *** piety under Trog
  3256 | D:3      | Found a basalt altar of Yredelemnul.
  3487 | D:4      | Noticed Natasha
  3493 | D:4      | Killed Natasha
  3542 | D:4      | Found a sand-covered staircase.
  3547 | Ossuary  | Entered an ossuary
  3570 | Ossuary  | Reached XP level 7. HP: 41/41 MP: 7/7
  3879 | Ossuary  | Reached skill level 8 in Maces & Flails
  4170 | Ossuary  | Noticed emiel's ghost (novice FoGl)
  4354 | Ossuary  | Killed emiel's ghost
  4354 | Ossuary  | Reached skill level 9 in Maces & Flails
  4354 | Ossuary  | Reached XP level 8. HP: 44/46 MP: 8/8
  4672 | Ossuary  | Reached skill level 10 in Maces & Flails
  4791 | D:4      | Noticed Natasha
  4807 | D:4      | Killed Natasha
  5054 | D:4      | Found a staircase to the Ecumenical Temple.
  5093 | D:4      | Noticed a slave
  5095 | D:4      | Noticed a slave
  5096 | D:4      | Noticed Pikel
  5098 | D:4      | Noticed a slave
  5098 | D:4      | Noticed a slave
  5105 | D:4      | Killed a slave
  5116 | D:4      | Killed Pikel
  5116 | D:4      | Reached skill level 11 in Maces & Flails
  5116 | D:4      | Reached XP level 9. HP: 45/51 MP: 9/9
  5209 | D:4      | Noticed Dowan
  5234 | D:4      | Killed Dowan
  5304 | D:4      | Killed Duvessa
  5392 | D:4      | Killed a freed slave
  5438 | D:4      | Killed Natasha
  5657 | D:4      | Noticed Edmund
  5669 | D:4      | Killed Edmund
  6106 | D:4      | Found a shadowy altar of Dithmenos.
  6132 | D:4      | Killed a freed slave
  6227 | D:5      | Entered Level 5 of the Dungeon
  6292 | D:5      | Reached skill level 12 in Maces & Flails
  7078 | D:6      | Reached skill level 5 in Fighting
  7485 | D:6      | Reached XP level 10. HP: 44/61 MP: 10/10
  9196 | D:8      | Found Xoarox's General Store.
  9457 | D:8      | Reached **** piety under Trog
  9578 | D:8      | Found an iron altar of Okawaru.
  9579 | D:8      | Found a sacrificial altar of Ru.
  9619 | D:8      | Received a gift from Trog
  9726 | D:8      | Reached skill level 10 in Fighting
 10297 | D:8      | Noticed a cyclops
 10303 | D:8      | Killed a cyclops
 10624 | D:9      | Noticed Erica
 10682 | D:9      | Noticed Grum
 10791 | D:9      | Killed Grum
 10791 | D:9      | Reached XP level 11. HP: 73/74 MP: 11/11
 10987 | D:9      | Found a staircase to the Orcish Mines.
 11166 | D:9      | Killed Erica
 11694 | D:9      | Noticed Erolcha
 11753 | D:10     | Entered Level 10 of the Dungeon
 11910 | D:10     | Found a burning altar of Makhleb.
 11911 | D:10     | Noticed Josephine
 11933 | D:10     | Killed Josephine
 12216 | D:10     | Noticed a hill giant
 12242 | D:10     | Killed a hill giant
 12242 | D:10     | Reached skill level 10 in Dodging
 12372 | D:10     | Found Poysun's Distillery.
 12377 | D:10     | Bought a potion of cancellation for 104 gold pieces
 12377 | D:10     | Bought a potion of magic for 104 gold pieces
 12377 | D:10     | Bought a potion of poison for 13 gold pieces
 12377 | D:10     | Bought 2 potions of agility for 104 gold pieces
 12377 | D:10     | Bought a potion of lignification for 39 gold pieces
 12530 | D:10     | Noticed a hill giant
 12551 | D:10     | Killed a hill giant
 12775 | D:10     | Noticed a hill giant
 12783 | D:10     | Killed a hill giant
 13004 | D:10     | Noticed Harold
 13018 | D:10     | Killed Harold
 13278 | D:10     | Noticed Fannar
 13307 | D:10     | Killed Fannar
 13307 | D:10     | Reached XP level 12. HP: 80/80 MP: 12/12
 13402 | D:11     | Noticed Urug
 13495 | D:11     | Killed Urug
 13834 | D:11     | Reached skill level 13 in Dodging
 14058 | D:11     | Received a gift from Trog
 14209 | D:11     | You fall through a shaft for 2 floors!
 14354 | D:13     | Found a gate to the Vaults.
 14522 | D:12     | Reached skill level 14 in Dodging
 14790 | D:13     | Noticed Kirke
 14991 | D:12     | Noticed Maurice
 15009 | D:12     | Killed Maurice
 15216 | D:12     | Reached skill level 15 in Dodging
 15811 | D:8      | Reached XP level 13. HP: 70/84 MP: 13/13
 16053 | D:9      | Reached ***** piety under Trog
 16161 | D:9      | Found a staircase to the Lair.
 16188 | D:9      | Found Vien's Armour Emporium.
 16301 | D:9      | Received a gift from Trog
 16302 | D:9      | Got a smoking mace {god gift}
 16303 | D:9      | Identified the +11 mace of Soomer {elec, rElec MP-9 Str+2 Dex+3} (Trog gifted it to you on level 9 of the Dungeon)
 16877 | Lair:1   | Entered Level 1 of the Lair of Beasts
 17165 | Lair:1   | Noticed Gastronok
 17204 | Lair:1   | Got an ancient long sword
 17205 | Lair:1   | Identified the +4 long sword of Enad {slice, rN+ Dex+3} (You found it on level 1 of the Lair of Beasts)
 17323 | Lair:1   | Killed Gastronok
 17323 | Lair:1   | Reached skill level 5 in Armour
 20190 | Lair:3   | Reached XP level 14. HP: 90/90 MP: 5/14
 21243 | Lair:4   | Noticed Maud
 21267 | Lair:4   | Killed Maud
 21724 | Lair:4   | Found a hole to the Spider Nest.
 21922 | Lair:4   | Received a gift from Trog
 21928 | Lair:4   | Got a bloodstained arbalest {god gift}
 21935 | Lair:4   | Identified the +12 arbalest of Putrescence {velocity, rC+} (Trog gifted it to you on level 4 of the Lair of Beasts)
 21977 | Lair:4   | Found a staircase to the Swamp.
 22676 | Lair:2   | Reached skill level 1 in Crossbows
 23359 | Lair:5   | Reached skill level 5 in Crossbows
 23979 | Lair:5   | Got a spiked leather armour
 23990 | Lair:5   | Identified the cursed +0 leather armour "Giodept" {rF+++ Int+4 Dex-4} (You found it on level 5 of the Lair of Beasts)
 24212 | Lair:6   | Received a gift from Trog
 24472 | Lair:6   | Got a translucent war axe
 24473 | Lair:6   | Identified the +6 war axe of Irritation {vamp, Dex+2} (You found it on level 6 of the Lair of Beasts)
 24590 | Lair:6   | Reached XP level 15. HP: 94/94 MP: 15/15
 25469 | Lair:7   | Found a staircase to the Slime Pits.
 25524 | Lair:7   | Found a viscous altar of Jiyva.
 25834 | Lair:7   | Reached skill level 10 in Crossbows
 26972 | Lair:8   | Entered Level 8 of the Lair of Beasts
 26995 | Lair:8   | Received a gift from Trog
 28282 | Lair:8   | Received a gift from Trog
 28485 | Lair:8   | Received a gift from Trog
 30042 | Orc:1    | Entered Level 1 of the Orcish Mines
 30191 | Orc:1    | Found a roughly hewn altar of Beogh.
 30382 | Orc:1    | Received a gift from Trog
 30597 | Orc:2    | Reached XP level 16. HP: 100/100 MP: 16/16
 30636 | Orc:2    | Found a dark tunnel.
 30645 | Volcano  | Entered a volcano
 31074 | Volcano  | Noticed Menkaure
 31080 | Volcano  | Killed Menkaure
 31566 | Orc:2    | Reached skill level 15 in Crossbows
 31815 | Orc:3    | Received a gift from Trog
 31850 | Orc:3    | Found a roughly hewn altar of Beogh.
 32016 | Orc:3    | Noticed Rupert
 32024 | Orc:3    | Killed Rupert
 32402 | Orc:4    | Entered Level 4 of the Orcish Mines
 32409 | Orc:4    | Found a roughly hewn altar of Beogh.
 32572 | Orc:4    | Found a staircase to the Elven Halls.
 33631 | Orc:4    | Received a gift from Trog
 34413 | Orc:4    | Received a gift from Trog
 34861 | Orc:4    | Reached skill level 16 in Crossbows
 35431 | Orc:4    | Found Aqiepn's General Store.
 35431 | Orc:4    | Found Sismyj's Weapon Boutique.
 35467 | Orc:4    | Found a roughly hewn altar of Beogh.
 35477 | Orc:4    | Found Semugidi's Food Shoppe.
 35477 | Orc:4    | Found Waesugea's Assorted Antiques.
 35484 | Orc:4    | Bought a scroll labeled UMOWYEQ RUCUSUQEA for 29 gold pieces
 35818 | D:9      | Bought the +4 plate armour "Wierazadgh" {*Corrode Int+2 Slay+2} for 741 gold pieces
 36000 | D:12     | Noticed Sonja
 36648 | Spider:1 | Entered Level 1 of the Spider Nest
 37027 | Spider:1 | Reached skill level 17 in Crossbows
 37214 | Spider:1 | Received a gift from Trog
 37897 | Spider:1 | Noticed Donald
 37914 | Spider:1 | Killed Donald
 38334 | Swamp:1  | Entered Level 1 of the Swamp
 38348 | Swamp:1  | Received a gift from Trog
 38655 | Swamp:1  | Reached skill level 18 in Crossbows
 39660 | Swamp:1  | Received a gift from Trog
 39818 | Swamp:2  | Reached XP level 17. HP: 104/104 MP: 7/17
 40857 | Swamp:2  | Received a gift from Trog
 41745 | Swamp:3  | Noticed Jorgrun
 41954 | Swamp:2  | Killed Jorgrun
 42048 | Swamp:3  | Received a gift from Trog
 42633 | Swamp:4  | Entered Level 4 of the Swamp
 42741 | Swamp:3  | Reached skill level 10 in Armour
 43616 | Swamp:3  | HP: 2/104 [seven-headed hydra (6)]
 43616 | Swamp:3  | Slain by a seven-headed hydra

Vault maps used:
D:1:      minmay_arrival_radiant_lines
D:2:      tgw_xom
D:3:      yredelemnul_altar_generic, first_bread, uniq_terence
D:4:      kennysheep_mini, minmay_temple_entry_grid,
          lightli_ossuary_entry_decrepit_ruins, uniq_edmund, uniq_natasha,
          uniq_duvessa, uniq_pikel
D:6:      kennysheep_boxes
D:7:      grunt_livestock
D:8:      gammafunk_temple_overflow_statue, serial_shops, nicolae_shop_trees
D:9:      grunt_lair_entry_elf_guard_hut, orc_david_3, minmay_gold_behind_fungi,
          uniq_grum, uniq_erica, uniq_erolcha
D:10:     basic_altar, serial_shops, shop, uniq_harold, uniq_josephine,
          uniq_fannar
D:11:     uniq_urug
D:12:     hangedman_abyss_or_decor_stagger, kennysheep_generic_room_14,
          uniq_sonja, uniq_maurice
D:13:     cheibrodos_hippocracy, david_vaults_1, enter_bailey_7, uniq_kirke
Lair:1:   st_stairs_13, uniq_gastronok
Lair:2:   serial_bayou_pond_e, cheibrodos_lair_reptile_den, serial_bayou_shore_b
Lair:3:   wad_woods_02, infiniplex_staircase_pool
Lair:4:   minmay_swamp_entry_worms, spider_nest_entry_funnel_web, minivault_23,
          lemuel_fruit_fields, uniq_maud
Lair:5:   infiniplex_staircase_pool_2
Lair:7:   slime_altar_1, serial_bayou_shore_b, serial_bayou_shore_b,
          grunt_megastairs_4
Lair:8:   hangedman_lair_tendril_chambers
Swamp:1:  hangedman_swamp_ruin_hall
Swamp:2:  hangedman_swamp_ruin_wall, swamp_pool1, ldierk_geyser
Swamp:3:  evilmike_swamp_ruin_house_6, swamp_pool3, uniq_jorgrun
Swamp:4:  swamp_alternative
Spider:1: portal_ice_cave_entry_imps, hangedman_spider_mandibles, spider_trap,
          minivault_29, uniq_donald
Orc:1:    basic_altar
Orc:2:    nicolae_volcano_entry_hallway
Orc:3:    nicolae_orc_pool_cavern, mines2_david, uniq_rupert
Orc:4:    st_orc_town, nicolae_orc_lost_temple
Ossuary:  ossuary_minmay_scorpions
Volcano:  volcano_tomb

Action                   |  1- 3 |  4- 6 |  7- 9 | 10-12 | 13-15 | 16-18 || total
-------------------------+-------+-------+-------+-------+-------+-------++-------
Melee: Mace              |    68 |   198 |   156 |       |   825 |   320 ||  1567
       Whip              |       |       |   199 |   777 |    77 |       ||  1053
       Hand axe          |       |       |       |   140 |    13 |       ||   153
       Short sword       |       |       |       |    18 |       |       ||    18
       War axe           |       |       |       |       |   657 |   762 ||  1419
 Fire: Arbalest          |       |       |       |       |    12 |   195 ||   207
Throw: Stone             |       |       |     1 |       |       |       ||     1
       Tomahawk          |       |       |       |     2 |     1 |       ||     3
Invok: Berserk           |     4 |    17 |    19 |    29 |    30 |    27 ||   126
       Trog's Hand       |       |     1 |     3 |     2 |     7 |    10 ||    23
       Brothers in Arms  |       |       |       |     1 |     1 |     1 ||     3
  Use: Potion            |       |     1 |     1 |     4 |       |     3 ||     9
       Scroll            |       |     2 |    13 |     9 |    16 |    10 ||    50
 Stab: Distracted        |       |       |     2 |       |     1 |     2 ||     5
  Eat: Chunk             |    12 |    25 |    18 |    66 |   114 |    81 ||   316
       Meat ration       |       |       |     1 |       |       |       ||     1
       Pizza             |       |       |     1 |       |       |       ||     1
       Beef jerky        |       |       |     1 |       |       |       ||     1
